Map: 凯罗斯中转站-天梯版

Players

DnS - Winner!

  • Race: Protoss Protoss

Seventy

  • Race: Protoss Protoss
  • League: Diamond

Event: WESG 2018 Grand Finals

VOD

Have the link to the VOD?

Description

Time

  • Played on: March 12, 2019, 7:31 a.m.
  • Length: 4:59

All games in this series

Show
View Real Time Build Order
Export as new Build Order

DnS Protoss - Winner!

Build Orders:  

Get SALT Encoding   

  12  0:00  Probe  
  13  0:12  Probe  
  14  0:17  Pylon  
  14  0:23  Probe  
  15  0:31  Probe  
  15  0:37  Gateway  
  15  0:39  Probe  
  16  0:46  Assimilator  
  17  0:51  Probe  
  17  0:54  Assimilator  
  18  1:03  Probe  
  19  1:05  Forge  
  19  1:10  Pylon  
  19  1:15  Probe  
  20  1:32  Pylon  
  20  1:46  Zealot  
  20  1:50  Photon Cannon  
  20  1:51  Cybernetics Core  
  20  1:59  Assimilator  
  20  2:00  Probe  
  23  2:13  Gateway  
  23  2:15  Probe  
  23  2:18  Warp Gate  
  24  2:27  Stalker, Probe  
  27  2:44  Robotics Facility  
  27  2:57  Stalker  
  29  3:05  Stalker  
  30  3:11  Gateway  
  30  3:13  Pylon  
  30  3:21  Warp Prism  
  32  3:49  Pylon  
  32  4:06  Stalker x3  
  32  4:08  Observer  
  39  4:20  Pylon  
  39  4:30  Stalker x3  
  45  4:54  Stalker x3  
Show
View Real Time Build Order
Export as new Build Order

Seventy Protoss 

Build Orders:  

Get SALT Encoding   

  1  0:00  Probe  
  12  0:06  Probe  
  14  0:21  Pylon  
  14  0:23  Probe  
  15  0:39  Probe  
  15  0:41  Forge  
  16  0:51  Probe  
  17  0:59  Probe  
  17  1:00  Pylon  
  18  1:18  Pylon  
  18  1:21  Photon Cannon  
  18  1:25  Photon Cannon  
  18  1:35  Pylon  
  16  1:48  Assimilator  
  16  2:00  Probe  
  17  2:02  Assimilator  
  17  2:07  Gateway  
  17  2:08  Pylon, Probe  
  18  2:16  Probe  
  18  2:18  Photon Cannon  
  19  2:29  Photon Cannon  
  19  2:32  Probe  
  20  2:46  Probe  
  21  2:57  Probe  
  21  3:00  Cybernetics Core  
  21  3:05  Probe  
  22  3:11  Pylon  
  23  3:16  Probe  
  24  3:26  Photon Cannon  
  24  3:39  Stargate  
  24  3:42  Stalker  
  24  3:47  Shield Battery  
  26  3:54  Shield Battery  
  25  3:56  Pylon  
  25  4:03  Stalker  
  25  4:04  Gateway  
  27  4:21  Robotics Facility  
  27  4:23  Probe  
Tags
 
Add a new tag
Caveats
  • Supply blocks, unpowered buildings, or Contaminate may cause inaccurate times.
  • Supply counts are checked every 10 seconds.